 Dungeon Crawl Stone Soup version 0.20.1-1-g8b1a95d (webtiles) character file.

110 slep the Shield-Bearer (level 5, -2/42 HPs)
             Began as a Formicid Fighter on Oct 24, 2017.
             Was an Initiate of Qazlal.
             Killed from afar by Natasha (6 damage)
             ... with a magic dart
             ... on level 3 of the Dungeon.
             The game lasted 00:08:16 (1753 turns).

slep the Shield-Bearer (Formicid Fighter)           Turns: 1753, Time: 00:08:16

Health: -2/42      AC:  7    Str: 20    XL:     5   Next: 14%
Magic:  5/5        EV:  8    Int:  8    God:    Qazlal [......]
Gold:   108        SH:  9    Dex: 11    Spells: 4/4 levels left

rFire    . . .     SeeInvis +   a - +0 long sword
rCold    . . .     Gourm    .   c - +0 shield
rNeg     . . .     Faith    .   b - +0 scale mail
rPois    .         Spirit   .   (helmet unavailable)
rElec    .         Reflect  .   (no cloak)
rCorr    .         Harm     .   (no gloves)
MR       .....                  (no boots)
Stlth    ..........             (no amulet)
Regen    0.2/turn               (no ring)
MPRegen  0.1/turn               (no ring)

@: no status effects
A: permanent stasis, dig shafts and tunnels, four strong arms, antennae 3
a: Dig, Shaft Self, Renounce Religion


You were on level 3 of the Dungeon.
You worshipped Qazlal.
Qazlal was noncommittal.
You were not hungry.

You visited 1 branch of the dungeon, and saw 3 of its levels.

You collected 108 gold pieces.

Inventory:

Hand Weapons
 a - a +0 long sword (weapon)
Armour
 b - a +0 scale mail (worn)
 c - a +0 shield (worn)
Magical Staves
 m - an uncursed staff of wizardry
Scrolls
 e - a scroll of identify {unknown}
 h - a scroll of teleportation {unknown}
 l - a scroll of noise {unknown}
 q - a scroll of fog {unknown}
Potions
 d - a potion of might
 i - 3 potions of curing
 k - a potion of agility {unknown}
 n - a potion of heal wounds {unknown}
 o - a potion of flight {unknown}
Comestibles
 f - a bread ration
 g - 2 royal jellies
 j - 2 meat rations
 p - 2 chunks of flesh


   Skills:
 + Level 3.9 Fighting
 + Level 2.3 Long Blades
 + Level 1.5 Staves
 + Level 4.0 Armour
 + Level 0.1 Dodging
 + Level 4.7 Shields


You had 4 spell levels left.
You didn't know any spells.

Dungeon Overview and Level Annotations

Branches:
Dungeon (3/15)

Altars:
Kikubaaqudgha
Qazlal

Annotations:
D:3 Natasha


Innate Abilities, Weirdness & Mutations

You cannot be hasted, slowed, berserked, paralysed or teleported.
You can dig through walls and to a lower floor.
Your four strong arms can wield two-handed weapons with a shield.
You have a pair of large antennae on your head. (SInv)


Message History

Natasha claws you but does no damage.
You barely miss Natasha.
Natasha is severely wounded.
You block Natasha's attack.
You closely miss Natasha.
Natasha is severely wounded.
Natasha claws you but does no damage. x2
You hit Natasha.
Natasha is severely wounded.
Natasha casts a spell at you. The magic dart hits you!
* * * LOW HITPOINT WARNING * * *
You barely miss Natasha.
Natasha is severely wounded.
Natasha closely misses you.
Your shield and scale mail prevent you from hitting Natasha.
Natasha is severely wounded.
Natasha casts a spell at you. The magic dart hits you!
You die...

#........##....#..#
#############..####........
#...........#......ยง##...##
#.#########.....#{.........
#.##......##.#5...###......
#.#........#...#### ......
#.#...##...#.### #######
#.'..####..#.#
###..####.@hg# #...##...###
#........# ##......##
########


You could see Natasha and a hobgoblin.

Vanquished Creatures
  A vampire bat (D:2)
  Jessica (D:2)
  A dart slug (D:1)
  A leopard gecko (D:2)
  3 orcs (D:3)
  3 bats
  3 bat skeletons (D:2)
  3 bat zombies (D:2)
  3 giant cockroaches
  5 goblins
  5 hobgoblins
  A quokka (D:2)
  2 frilled lizards
  A kobold (D:3)
  4 rats (D:2)
37 creatures vanquished.

Vanquished Creatures (others)
  An adder (D:2)
1 creature vanquished.

Grand Total: 38 creatures vanquished

Notes
Turn   | Place    | Note
-------+----------+-------------------------------------------
     0 | D:1      | slep the Formicid Fighter began the quest for the Orb.
     0 | D:1      | Reached XP level 1. HP: 18/18 MP: 1/1
    83 | D:1      | Reached XP level 2. HP: 17/24 MP: 2/2
   683 | D:2      | Noticed Jessica
   702 | D:2      | Killed Jessica
   702 | D:2      | Reached XP level 3. HP: 9/30 MP: 3/3
   768 | D:2      | Reached XP level 4. HP: 6/37 MP: 4/4
  1339 | D:2      | Found a stormy altar of Qazlal.
  1349 | D:2      | Became a worshipper of Qazlal Stormbringer
  1438 | D:2      | Found an ancient bone altar of Kikubaaqudgha.
  1463 | D:2      | Reached skill level 1 in Staves
  1463 | D:2      | Reached XP level 5. HP: 42/42 MP: 5/5
  1719 | D:3      | Noticed Natasha
  1753 | D:3      | Killed from afar by Natasha

Skill      XL: |  1  2  3  4 |
---------------+-------------+-----
Shields        | 4 |  4.7
Staves         | 1 |  1.5
Armour         | 4 |  4.0
Fighting       | |  3.9
Long Blades    | |  2.3
Dodging        | |  0.1

Action                   |  1- 3 |  4- 6 || total
-------------------------+-------+-------++-------
Melee: Long sword        |    27 |    45 ||    72
       Staff             |    41 |    34 ||    75
  Eat: Chunk             |       |     3 ||     3
Armor: Scale mail        |    28 |    56 ||    84
Dodge: Dodged            |    16 |    34 ||    50
Block: Shield            |    27 |    64 ||    91
       Rpst.: Long sword |     3 |     4 ||     7
